 Dungeon Crawl Stone Soup version 0.30.1-11-g7821555f0a (webtiles) character file.

Game seed: 13946523847227099813

178 jagang the Trooper (level 5, 0/42 HPs)
             Began as a Human Monk on Dec 26, 2023.
             Slain by an ice beast (11 damage)
             ... on level 3 of the Dungeon.
             The game lasted 00:03:50 (2211 turns).

jagang the Trooper (Human Monk)                     Turns: 2211, Time: 00:03:51

Health: 0/42       AC:  6    Str: 12    XL:     5   Next: 89%
Magic:  5/5        EV: 10    Int: 10    God:
Gold:   169        SH:  0    Dex: 17    Spells: 4/4 levels left

rFire   . . .        a - +0 falchion
rCold   . . .        d - orb {light}
rNeg    . . .        s - +0 scale mail
rPois   .            (no helmet)
rElec   .            (no cloak)
rCorr   .            (no gloves)
SInv    +            (no boots)
Will    .....        (no amulet) Stlth
                     n - ring of see invisible
HPRegen 0.27/turn    (no ring)
MPRegen 0.09/turn

%: no passive effects
@: glowing
A: no striking features
a: no special abilities


You were on level 3 of the Dungeon.
You visited 1 branch of the dungeon, and saw 4 of its levels.

You collected 169 gold pieces.

Inventory:

Hand Weapons
 a - a +0 falchion (weapon)
Missiles
 m - 5 boomerangs
 q - 10 poisoned darts (quivered)
Armour
 d - an orb of light (worn)
 s - a +0 scale mail (worn)
Jewellery
 n - a ring of see invisible (left hand)
Wands
 r - a wand of paralysis (3)
Scrolls
 e - 2 scrolls of enchant weapon
 g - a scroll of blinking
 i - a scroll of enchant armour {unknown}
 k - a scroll of fog
 l - 2 scrolls of noise
 o - a scroll of immolation
 p - 2 scrolls of butterflies {unknown}
Potions
 b - a potion of lignification {unknown}
 c - a potion of ambrosia
 f - a potion of mutation {unknown}
 h - a potion of cancellation {unknown}
 j - a potion of magic {unknown}


   Skills:
 + Level 4.2 Fighting
 + Level 4.2 Long Blades
 + Level 2.7 Armour
 - Level 3.0 Dodging


You had 4 spell levels left.
You didn't know any spells.
Your spell library contained the following spells:

 Spells                   Type           Power      Damage    Failure   Level
 Foxfire                  Conj/Fire      0%         2x1d4     88%         1
 Slow                     Hex            0%         N/A       88%         1
 Summon Small Mammal      Summ           0%         N/A       88%         1
 Scorch                   Fire           0%         2d5       96%         2
 Call Canine Familiar     Summ           0%         N/A       99%         3
 Confusing Touch          Hex            0%         N/A       99%         3
 Summon Guardian Golem    Hex/Summ       0%         N/A       99%         3
 Vampiric Draining        Necr           0%         2d6       99%         3
 Flame Wave               Conj/Fire      0%         2d4       100%        4
 Fireball                 Conj/Fire      0%         3d3       100%        5
 Plasma Beam              Fire/Air       0%         2x1d11    100%        6
 Starburst                Conj/Fire      0%         6d3       100%        6
 Summon Cactus Giant      Summ           0%         N/A       100%        6


Dungeon Overview and Level Annotations

Branches:
Dungeon (4/15)
 Temple: D:4-7

Altars:


Message History

The goblin shouts!
You see here a scroll of identify.
Found a rapier.
The goblin hits you but does no damage.
You hit the goblin.
The goblin is heavily wounded.
The goblin misses you.
You slash the goblin!
You kill the goblin!
No target in view!
t - a scroll of identify
As you read the scroll of identify, it crumbles to dust.
g - a scroll of blinking You open the door.
There is an open door here.
You see here a +0 rapier.
You open the door.
A hobgoblin comes into view.
There is an open door here.
An ice beast comes into view.
You hit the ice beast but do no damage. The ice beast barely misses you.
The ice beast hits you. The ice beast freezes you! The hobgoblin hits you.
You barely miss the ice beast. The ice beast hits you.
The ice beast freezes you!
* * * LOW HITPOINT WARNING * * *
The hobgoblin barely misses you.
You are too injured to fight recklessly!
There is an open door here.
You hit the ice beast but do no damage.
The ice beast hits you but does no damage.
You barely miss the ice beast. The ice beast closely misses you.
You hit the ice beast but do no damage.
The ice beast hits you but does no damage.
You barely miss the ice beast. The ice beast closely misses you.
You slash the ice beast!
The ice beast is moderately wounded.
The ice beast hits you.
* * * LOW HITPOINT WARNING * * *
The ice beast freezes you!
You die...

##...## # ##.....##
#.#.......# .........#
#.......####
#.......... #..g# ##
#.##### ###Y# #.. ...
..# ##@## #.# #.# #.#
##...###.# #.###.##
##.....##.# #.##...##
##...)...#.# #.......#
#..........###.......#
+.....................
#........)....#....#.#
##.......#####..####.#
##.....## #.#####.#


You could see an ice beast and a hobgoblin.

Vanquished Creatures
  An orc priest (D:4)
  2 orc wizards (D:4)
  4 gnolls (D:3)
  2 adders
  A dart slug (D:2)
  2 orcs (D:4)
  An endoplasm (D:3)
  4 giant cockroaches
  4 hobgoblins
  3 jackals (D:2)
  A quokka (D:1)
  4 ball pythons
  2 bats (D:1)
  A frilled lizard (D:1)
  2 goblins
  5 kobolds
  5 rats
44 creatures vanquished.

Notes
Turn   | Place    | Note
-------+----------+-------------------------------------------
     0 | D:1      | jagang the Human Monk began the quest for the Orb.
     0 | D:1      | Reached XP level 1. HP: 18/18 MP: 1/1
   454 | D:1      | Reached XP level 2. HP: 24/24 MP: 2/2
   605 | D:2      | Reached skill level 1 in Armour
   656 | D:2      | Reached XP level 3. HP: 27/29 MP: 3/3
   779 | D:2      | Found a faded altar of an unknown god.
  1624 | D:3      | Reached XP level 4. HP: 30/35 MP: 4/4
  1789 | D:3      | You fall into a shaft and drop 1 floor!
  1799 | D:4      | Reached XP level 5. HP: 35/42 MP: 5/5
  2201 | D:3      | Noticed an ice beast
  2211 | D:3      | Slain by an ice beast

Illustrated notes

Levels and vault maps discovered:
D:1:      heliophobic_arrival_enchanted_forest, layout_basic
D:2:      layout_basic, dreamdust_ecumenical_altar_angels_and_demons,
          amcnicky_mini_rare_corridor_liquid
D:3:      layout_loops_corners
D:4:      layout_gridville, hangedman_abyss_or_decor_stagger,
          dreamdust_princess_corridor, uniq_duvessa

Skill      XL: |  1  2  3  4  5 |
---------------+----------------+-----
Armour         | 1 2 |  2.7
Fighting       | 4 |  4.2
Long Blades    | 4 |  4.2
Dodging        | |  3.0

Action                     |  1- 3 |  4- 6 || total
---------------------------+-------+-------++-------
  Melee: Falchion          |    69 |    62 ||   131
    Use: Scroll            |     4 |     1 ||     5
 Armour: Robe              |     8 |       ||     8
         Scale mail        |     2 |    21 ||    23
  Dodge: Dodged            |    50 |    30 ||    80
